Map: King's Cove LE

Players

Elazer

  • Race: Zerg Zerg
  • League: Grandmaster
  • Spawn Location: 5:00

TYTY (TY) - Winner!

  • Race: Terran Terran
  • League: Diamond
  • Spawn Location: 11:00

Event: HomeStory Cup XIX

VOD

Have the link to the VOD?

Description

Time

  • Played on: June 28, 2019, 8:28 a.m.
  • Length: 15:04

All games in this series

Show
View Real Time Build Order
Export as new Build Order

Elazer Zerg 

Build Orders: Hatch First 

Get SALT Encoding   

  12  0:00  Drone  
  13  0:12  Overlord  
  13  0:17  Drone  
  14  0:31  Drone x2  
  16  0:49  Hatchery  
  15  0:52  Drone  
  15  0:55  Drone  
  17  0:59  Drone  
  18  1:09  Extractor  
  17  1:14  Spawning Pool  
  17  1:18  Drone  
  17  1:21  Drone  
  18  1:29  Drone  
  19  1:39  Drone  
  20  1:49  Drone  
  21  2:01  Queen x2  
  21  2:02  Zergling x4  
  27  2:16  Hatchery  
  27  2:21  Overlord  
  26  2:24  Drone  
  26  2:27  Drone  
  28  2:38  Metabolic Boost  
  28  2:40  Drone x2  
  28  2:42  Drone  
  31  2:48  Queen  
  33  2:53  Overlord  
  33  2:58  Drone  
  34  2:59  Drone  
  34  3:01  Drone  
  36  3:12  Drone x4  
  40  3:13  Drone  
  40  3:19  Drone  
  42  3:23  Overlord  
  42  3:24  Queen  
  44  3:30  Queen  
  44  3:34  Drone x2  
  47  3:36  Drone  
  47  3:39  Drone  
  50  3:44  Zergling x6  
  50  3:45  Zergling x2  
  54  3:51  Zergling x4  
  54  3:55  Overlord  
  56  3:56  Drone x2  
  58  4:09  Baneling Nest  
  56  4:12  Queen  
  56  4:15  Drone x4  
  56  4:16  Drone x2  
  64  4:18  Drone  
  64  4:23  Overlord  
  65  4:28  Spore Crawler  
  65  4:30  Spore Crawler  
  63  4:31  Drone x2  
  63  4:32  Overlord  
  63  4:36  Spore Crawler  
  64  4:39  Drone  
  64  4:41  Drone  
  65  4:46  Drone  
  65  4:47  Drone x2  
  65  4:48  Drone  
  65  4:49  Drone x2  
  65  4:51  Queen  
  73  4:53  Queen  
  73  4:55  Zergling x6  
  78  5:01  Spore Crawler  
  78  5:02  Overlord  
  78  5:03  Drone x3  
  80  5:08  Drone x3, Extractor x2  
  80  5:10  Drone  
  82  5:17  Baneling  
  82  5:18  Baneling x2  
  82  5:23  Lair, Extractor  
  82  5:24  Drone x4, Roach Warren  
  84  5:30  Queen  
  84  5:35  Drone x5  
  90  5:41  Drone x2  
  81  5:45  Drone x3  
  75  5:55  Drone x3  
  70  5:57  Drone  
  70  6:02  Drone x4  
  74  6:04  Drone  
  72  6:13  Zergling x4  
  72  6:18  Drone x2  
  64  6:21  Drone  
  64  6:25  Drone  
  63  6:31  Drone  
  64  6:33  Drone  
  64  6:36  Drone  
  64  6:40  Drone  
  64  6:43  Glial Reconstitution  
  64  6:44  Drone x2  
  66  6:51  Drone x4  
  70  6:55  Drone x4  
  70  6:58  Baneling x4  
  70  6:59  Overseer  
  70  7:01  Drone x2  
  76  7:06  Drone x3  
  76  7:07  Drone  
  80  7:10  Drone, Evolution Chamber  
  80  7:12  Drone  
  81  7:16  Drone, Hatchery  
  81  7:22  Overlord  
  81  7:24  Extractor, Overlord  
  81  7:25  Extractor  
  81  7:26  Roach  
  81  7:29  Overlord  
  81  7:40  Drone x4  
  81  7:41  Drone x4  
  89  7:45  Overlord  
  89  7:50  Drone x2  
  89  7:51  Roach x3  
  94  7:58  Roach  
  94  7:59  Roach x3  
  94  8:04  Overlord  
  94  8:05  Centrifical Hooks, Drone  
  103  8:06  Drone x2  
  103  8:07  Infestation Pit  
  103  8:11  Drone  
  103  8:15  Drone x5, Spore Crawler  
  103  8:17  Spore Crawler  
  103  8:19  Drone  
  102  8:23  Drone x3  
  103  8:31  Overlord  
  103  8:32  Drone x3  
  103  8:33  Drone x2  
  106  8:36  Drone  
  106  8:38  Drone  
  108  8:44  Spawning Pool, Pathogen Glands  
  108  8:46  Drone x4  
  108  8:47  Extractor  
  108  8:48  Drone x2, Extractor  
  111  8:50  Drone  
  111  8:51  Drone  
  111  8:52  Evolution Chamber  
  112  8:56  Overlord  
  112  8:57  Drone x3  
  115  9:03  Burrow  
  115  9:10  Evolution Chamber  
  115  9:12  Overlord  
  115  9:14  Drone x10  
  120  9:19  Zerg Missile Weapons Level 1, Drone x4  
  120  9:26  Drone x2  
  120  9:30  Infestor x2  
  126  9:33  Ravager x4  
  126  9:34  Infestor  
  126  9:35  Hatchery  
  131  9:39  Infestor x2  
  131  9:41  Infestor  
  131  9:45  Neural Parasite  
  137  9:47  Roach x2  
  137  9:50  Ravager  
  137  9:51  Ravager  
  143  9:57  Overlord  
  143  9:58  Overlord x2  
  143  9:59  Hive  
  143  10:05  Spore Crawler  
  142  10:07  Spore Crawler  
  142  10:12  Overlord  
  141  10:20  Infestor x3  
  134  10:26  Infestor x5  
  142  10:33  Drone x21  
  158  10:41  Drone x2  
  147  10:44  Roach  
  147  10:45  Roach x4  
  147  10:46  Ravager x3  
  157  10:52  Roach x3  
  157  10:54  Infestor x3  
  161  10:58  Roach x6  
  168  11:17  Roach x5  
  161  11:28  Roach x6  
  161  11:36  Roach x6  
  173  11:40  Extractor  
  173  11:41  Extractor  
  173  11:42  Overseer, Zerg Missile Weapons Level 2  
  173  11:45  Evolution Chamber  
  173  11:47  Drone x3  
  172  11:49  Hatchery  
  172  11:50  Drone  
  172  11:51  Overlord  
  172  11:52  Overlord x2  
  173  12:01  Overlord  
  173  12:09  Spore Crawler  
  173  12:10  Spine Crawler x2  
  173  12:11  Zergling x32, Spine Crawler  
  173  12:12  Zergling x4, Spine Crawler, Spore Crawler  
  185  12:18  Infestor, Zerg Melee Weapons Level 1, Adrenal Glands  
  185  12:19  Infestor  
  185  12:22  Ravager x2  
  190  12:23  Ravager x2  
  190  12:27  Infestor x3  
  199  12:36  Spine Crawler x2  
  197  12:39  Infestor  
  197  12:41  Baneling x10  
  197  12:42  Baneling x4  
  197  12:59  Drone x2  
  197  13:00  Drone  
  199  13:06  Baneling x6  
  199  13:12  Roach x10  
  177  13:23  Spire, Ravager x3  
  177  13:24  Zergling x16, Spire  
  184  13:36  Spore Crawler  
  184  13:37  Spore Crawler  
  184  13:39  Spore Crawler x2  
  180  13:43  Drone x8  
  188  13:49  Spore Crawler  
  188  13:50  Spore Crawler x2  
  185  14:00  Spore Crawler  
  185  14:01  Spore Crawler  
  182  14:14  Zergling x32  
  198  14:17  Baneling x16  
Show
View Real Time Build Order
Export as new Build Order

TYTY Terran - Winner!

Build Orders: Gas First Reaper Expand, Hellion Opening, Mech 

Get SALT Encoding   

  12  0:00  SCV  
  13  0:12  SCV  
  14  0:18  Supply Depot  
  14  0:25  SCV  
  14  0:28  Refinery  
  15  0:39  SCV  
  16  0:45  Barracks  
  16  0:51  SCV  
  17  1:03  SCV  
  18  1:15  SCV  
  19  1:32  Reaper  
  21  1:33  Orbital Command  
  20  1:44  Command Center  
  20  1:55  Factory  
  20  1:58  SCV  
  21  2:06  Supply Depot  
  21  2:08  Barracks Reactor  
  21  2:13  SCV  
  22  2:17  Refinery  
  22  2:25  SCV  
  24  2:37  SCV  
  24  2:42  Starport  
  24  2:47  Hellion x2  
  24  2:49  Marine  
  24  2:50  SCV  
  30  2:57  Orbital Command  
  30  3:02  SCV  
  31  3:14  SCV  
  31  3:15  Hellion x2  
  36  3:25  SCV, Fusion Core  
  37  3:28  SCV  
  37  3:32  Supply Depot  
  38  3:34  Starport Tech Lab  
  38  3:38  SCV  
  38  3:40  SCV  
  40  3:49  Hellion x2  
  40  3:50  SCV  
  40  3:52  SCV  
  46  3:59  Supply Depot  
  46  4:03  SCV  
  46  4:05  SCV  
  48  4:14  Battlecruiser  
  54  4:17  Supply Depot  
  54  4:20  SCV  
  54  4:21  SCV  
  56  4:31  Armory  
  56  4:34  Hellion x2  
  56  4:36  SCV x2  
  62  4:44  Supply Depot  
  62  4:48  SCV, Supply Depot  
  62  4:51  SCV  
  64  4:55  Hellion  
  64  4:56  Hellion  
  68  5:00  SCV  
  68  5:06  SCV  
  70  5:18  Hellion  
  70  5:19  SCV  
  70  5:26  Battlecruiser  
  70  5:27  SCV, Hellion  
  81  5:35  Command Center  
  77  5:43  Hellion  
  77  5:51  SCV  
  77  5:53  Hellion  
  77  5:56  Refinery x2, Supply Depot  
  74  6:09  Hellion  
  74  6:10  SCV  
  73  6:14  Hellion  
  73  6:16  SCV  
  74  6:29  SCV  
  74  6:30  SCV, Supply Depot  
  74  6:31  Hellion  
  78  6:35  Hellion  
  78  6:36  Weapon Refit  
  78  6:38  Factory  
  80  6:40  Factory  
  80  6:42  SCV x2  
  82  6:54  SCV x2, Hellion  
  87  6:57  Orbital Command, Hellion  
  87  6:58  Battlecruiser  
  87  6:59  Supply Depot  
  94  7:06  SCV  
  94  7:07  Supply Depot  
  95  7:09  SCV  
  95  7:12  Orbital Command  
  95  7:15  Terran Vehicle Weapons Level 1, Hellion  
  98  7:18  SCV, Hellion  
  98  7:20  Refinery  
  98  7:21  Refinery, SCV  
  102  7:25  Factory Tech Lab  
  102  7:26  Factory Tech Lab  
  102  7:30  SCV  
  102  7:33  SCV  
  102  7:37  Hellion  
  106  7:38  SCV  
  106  7:41  Hellion  
  106  7:42  SCV  
  110  7:44  Armory  
  110  7:45  Siege Tank, SCV  
  110  7:48  Siege Tank  
  110  7:51  SCV  
  118  7:54  SCV  
  118  7:58  Hellion  
  121  8:00  SCV  
  121  8:02  Supply Depot  
  121  8:03  SCV  
  123  8:06  Command Center  
  123  8:07  SCV  
  123  8:08  Factory  
  123  8:12  SCV  
  125  8:15  SCV  
  125  8:17  Siege Tank  
  125  8:19  SCV  
  130  8:20  Siege Tank  
  130  8:24  SCV, Hellion x2  
  138  8:28  Factory  
  140  8:37  Supply Depot x3  
  140  8:38  Supply Depot  
  138  8:43  Engineering Bay  
  138  8:52  Siege Tank  
  138  8:54  Factory Reactor  
  141  8:55  Factory Tech Lab  
  141  8:58  SCV x3  
  141  8:59  Battlecruiser  
  141  9:01  Supply Depot  
  141  9:02  Supply Depot x2  
  150  9:05  Hellion x2  
  153  9:10  SCV x3  
  153  9:11  Terran Vehicle Weapons Level 2  
  154  9:19  Siege Tank  
  154  9:21  Factory Reactor  
  154  9:22  SCV  
  154  9:26  Refinery  
  154  9:27  Refinery  
  154  9:28  Planetary Fortress  
  154  9:29  Missile Turret, SCV  
  154  9:30  SCV  
  152  9:33  Missile Turret  
  152  9:34  Missile Turret  
  152  9:35  Siege Tank, SCV  
  156  9:41  SCV  
  156  9:42  Terran Vehicle And Ship Armor Level 1  
  156  9:44  Siege Tank, Hellion x2  
  164  9:46  SCV  
  164  9:47  SCV  
  166  9:53  Siege Tank  
  171  10:01  Hellion  
  171  10:02  Hellion  
  171  10:06  Command Center  
  171  10:07  Raven, Sensor Tower  
  173  10:08  Hellion  
  173  10:09  Hellion  
  179  10:22  Siege Tank  
  179  10:23  Siege Tank, Hellion x2  
  189  10:37  Siege Tank  
  189  10:42  SCV x3  
  193  10:46  Command Center  
  193  10:48  Command Center  
  193  10:49  Hellion x3  
  195  10:55  Siege Tank x2  
  197  11:01  Hellion  
  199  11:05  Liberator  
  199  11:09  Siege Tank  
  175  11:21  Hellion x2  
  175  11:22  Advanced Ballistics  
  166  11:25  SCV  
  166  11:26  SCV  
  166  11:27  Siege Tank x2  
  165  11:36  Hellion x2  
  146  11:41  Siege Tank  
  146  11:42  Planetary Fortress  
  146  11:43  Refinery  
  146  11:44  SCV x3  
  152  11:47  Refinery  
  152  11:48  Starport  
  152  11:49  Hellion x2  
  152  11:50  Starport  
  152  11:53  SCV  
  157  11:55  Liberator  
  157  11:56  SCV x2  
  157  11:58  Hellion  
  157  12:00  Terran Vehicle Weapons Level 3, Terran Vehicle And Ship Armor Level 2  
  164  12:05  Hellion  
  164  12:06  Hellion x2  
  164  12:08  Orbital Command  
  167  12:10  Hellion  
  167  12:12  Barracks Reactor  
  172  12:16  SCV x3  
  172  12:17  SCV  
  176  12:24  Planetary Fortress  
  176  12:28  SCV x3  
  179  12:31  Starport Reactor, Hellion x2  
  183  12:42  Siege Tank x3, Liberator  
  183  12:43  Hellion x2  
  196  12:57  Liberator x2  
  196  13:03  Liberator  
  199  13:07  Missile Turret  
  199  13:10  Liberator  
  188  13:24  Refinery  
  190  13:27  Liberator  
  190  13:28  Command Center  
  190  13:30  Command Center  
  193  13:36  Smart Servos  
  193  13:39  Liberator  
  193  13:42  Sensor Tower, Missile Turret  
  196  13:48  Command Center  
  196  13:53  Command Center  
  196  13:57  Liberator  
  196  14:02  Missile Turret  
  197  14:03  Missile Turret  
Tags
 
Add a new tag
Caveats
  • Supply blocks, unpowered buildings, or Contaminate may cause inaccurate times.
  • Supply counts are checked every 10 seconds.